 Dungeon Crawl Stone Soup version 0.31-a0-851-g7ff8af7976 (webtiles) character file.

Game seed: 7151785650966280509

186 BritishOli the Trooper (level 5, 42/42 HPs)
             Began as a Demonspawn Fighter on Oct 6, 2023.
             Was an Initiate of Makhleb.
             Got out of the dungeon alive.
             The game lasted 00:02:16 (2006 turns).

BritishOli the Trooper (Demonspawn Fighter)         Turns: 2006, Time: 00:02:17

Health: 42/42      AC:  8    Str: 18    XL:     5   Next: 38%
Magic:  5/5        EV:  9    Int: 10    God:    Makhleb [......]
Gold:   192        SH:  4    Dex: 12    Spells: 4/4 levels left

rFire   . . .        a - +0 war axe
rCold   . . .        c - +0 buckler
rNeg    . . .        b - +0 scale mail
rPois   +            (no helmet)
rElec   .            (no cloak)
rCorr   .            (no gloves)
SInv    .            (no boots)
Will    .....        (no amulet) Stlth
                     e - ring of poison resistance
HPRegen 0.27/turn    (no ring)
MPRegen 0.09/turn

%: no passive effects
@: no status effects
A: thin metallic scales 1, ignite blood 1, demonic magic 1
a: Renounce Religion


You escaped.
You worshipped Makhleb.
Makhleb was noncommittal.
You visited 1 branch of the dungeon, and saw 4 of its levels.

You collected 192 gold pieces.

Inventory:

Hand Weapons
 a - a +0 war axe (weapon)
Missiles
 i - 8 javelins
 l - a throwing net
Armour
 b - a +0 scale mail (worn)
 c - a +0 buckler (worn)
Jewellery
 e - a ring of poison resistance (left hand)
 f - a ring of protection from cold
 k - a ring of wizardry
 q - a ring of resist corrosion
 t - a +4 ring of protection
Scrolls
 g - 4 scrolls of identify {unknown}
 h - 4 scrolls of teleportation {unknown}
 n - a scroll of poison {unknown}
 s - a scroll of fog {unknown}
Potions
 d - a potion of might
 j - a potion of heal wounds {unknown}
 m - a potion of cancellation {unknown}
 o - 2 potions of curing {unknown}
 p - a potion of magic {unknown}
 r - a potion of berserk rage {unknown}


   Skills:
 + Level 4.0 Fighting
 + Level 3.0 Axes
 + Level 3.6 Armour
 + Level 3.6 Shields


You had 4 spell levels left.
You didn't know any spells.
Your spell library contained the following spells:

 Spells                   Type           Power      Damage    Failure   Level
 Foxfire                  Conj/Fire      0%         2x1d4     83%         1
 Plasma Beam              Fire/Air       0%         2x1d10    100%        6
 Starburst                Conj/Fire      0%         6d3       100%        6


Dungeon Overview and Level Annotations

Branches:
Dungeon (4/15)
 Temple: D:4-7

Altars:
Makhleb


Innate Abilities, Weirdness & Mutations

You are partially covered in thin metallic scales. (AC +2)
Your demonic aura sometimes causes spilled blood to erupt in flames.
Spells you cast may paralyse adjacent enemies.


Message History

The goblin shouts!
You block the goblin's attack.
You slash the goblin!
You kill the goblin!
Makhleb accepts your kill.
Your Axes skill increases to level 3!
No target in view!
No target in view!
No target in view!
No target in view!
No target in view!
No target in view!
No target in view!
No target in view!
No target in view!
No target in view!
No target in view!
No target in view!
No target in view!
No target in view!
No target in view!
No target in view!
No target in view!
There is an open door here.
There is an open door here.
There is an open door here.
You open the door.
There is an open door here.
There is a stone staircase leading up here.
You climb upwards.
There is a stone staircase leading down here.
There is a stone staircase leading up here.
You climb upwards.
There is a stone staircase leading down here.
There is a stone staircase leading up here.
You climb upwards.
There is a stone staircase leading down here.
Okay, then.
There is a staircase leading out of the dungeon here.
You have escaped!

.#.................#
.#...##............#
........##....)....#
.....#####.........#
.....# #.........#
#....# ######.####
##...# #### #..#
###..###..#####..#
..##.#.......##>@#
.[...........#####
..####.......# #..#
#.......#
##.###.......#
#...........#
####........# #
#...[....# ##
#........#


There were no monsters in sight!

Vanquished Creatures
  A black bear (D:4)
  Terence (D:3)
  2 adders (D:2)
  2 dart slugs (D:1)
  An orc (D:3)
  9 ball pythons
  3 endoplasms
  3 giant cockroaches
  A hobgoblin (D:1)
  9 kobolds
  A quokka (D:2)
  4 bats
  2 frilled lizards (D:2)
  4 goblins
  8 rats
51 creatures vanquished.

Notes
Turn   | Place    | Note
-------+----------+-------------------------------------------
     0 | D:1      | BritishOli the Demonspawn Fighter began the quest for the
                  | Orb.
     0 | D:1      | Reached XP level 1. HP: 18/18 MP: 1/1
    37 | D:1      | Gained mutation: Your demonic aura sometimes causes spilled
                  | blood to erupt in flames. [demonic ancestry]
    37 | D:1      | Reached XP level 2. HP: 14/24 MP: 2/2
   552 | D:2      | Gained mutation: You are partially covered in thin metallic
                  | scales. (AC +2) [demonic ancestry]
   552 | D:2      | Reached XP level 3. HP: 28/29 MP: 3/3
  1195 | D:3      | Noticed Terence
  1202 | D:3      | Killed Terence
  1203 | D:3      | Reached XP level 4. HP: 25/36 MP: 4/4
  1582 | D:3      | Found a burning altar of Makhleb.
  1658 | D:3      | Noticed a blizzard demon
  1662 | D:3      | Noticed an orange demon
  1662 | D:3      | Noticed a ynoxinul
  1664 | D:3      | Became a worshipper of Makhleb the Destroyer
  1794 | D:4      | Noticed a black bear
  1801 | D:4      | Killed a black bear
  1802 | D:4      | Reached skill level 4 in Fighting
  1802 | D:4      | Gained mutation: Spells you cast may paralyse adjacent
                  | enemies. [demonic ancestry]
  1802 | D:4      | Reached XP level 5. HP: 29/42 MP: 5/5
  2006 | D:$      | Got out of the dungeon alive.

Illustrated notes

Levels and vault maps discovered:
D:1:      dpeg_arrival_tiny_a, layout_rooms, minmay_close_crescents
D:2:      layout_rooms, minmay_tetromino_i2
D:3:      layout_loops_cross, makhleb_altar_promises_db, uniq_terence
D:4:      layout_gridville

Skill      XL: |  1  2  3  4  5 |
---------------+----------------+-----
Axes           | 2 3 |  3.0
Armour         | 3 |  3.6
Shields        | 3 |  3.6
Fighting       | 4 |  4.0

Action                     |  1- 3 |  4- 6 || total
---------------------------+-------+-------++-------
  Melee: War axe           |   119 |    14 ||   133
 Armour: Scale mail        |    65 |    16 ||    81
  Dodge: Dodged            |    66 |     9 ||    75
  Block: Buckler           |    37 |     8 ||    45

Table legend: (Time is in decaauts)
 A = Elapsed time spent in this place.
 B = Non-inter-level travel time spent in this place.
 C = Inter-level travel time spent in this place.
 D = Time resting spent in this place.
 E = Time spent auto-exploring this place.
 F = Levels seen in this place.
 G = Mean time per level.
                   A        B        C        D        E       F      G
               +--------+--------+--------+--------+--------+-----+--------+
         Total |   2063 |   1806 |    257 |      0 |   1421 |   4 |  515.8 |
       Dungeon |   2063 |   1806 |    257 |      0 |   1421 |   4 |  515.8 |
               +--------+--------+--------+--------+--------+-----+--------+

Top non-repeatable levels by time:
     D:3: 671 daAuts
     D:1: 599 daAuts
     D:2: 574 daAuts
     D:4: 218 daAuts
